 Dungeon Crawl Stone Soup version 0.24-a0-545-gd1b266bae6 (webtiles) character file.

Game seed: 11392062191129602021

4 Electrofox the Ruffian (level 1, 0/16 HPs)
             Began as a Draconian Transmuter on Aug 18, 2019.
             Slain by a jackal (3 damage)
             ... on level 1 of the Dungeon.
             The game lasted 00:02:05 (277 turns).

Electrofox the Ruffian (Draconian Transmuter)        Turns: 277, Time: 00:02:05

Health: 0/16       AC:  4    Str: 12    XL:     1   Next: 58%
Magic:  3/3        EV: 12    Int: 13    God:
Gold:   31         SH:  0    Dex: 11    Spells: 3/4 levels left

rFire    . . .     SeeInvis .     - Unarmed
rCold    . . .     Gourm    .   (no shield)
rNeg     . . .     Faith    .   (armour unavailable)
rPois    .         Spirit   .   (helmet restricted)
rElec    .         Reflect  .   (no cloak)
rCorr    .         Harm     .   (no gloves)
MR       .....                  (no boots)
Stlth    +.........             (no amulet)
HPRegen  0.05/turn              (no ring)
MPRegen  0.08/turn              (no ring)

@: no status effects
A: unfitting armour, cold-blooded, AC +4
a: no special abilities


You were on level 1 of the Dungeon.
You were not hungry.

You visited 1 branch of the dungeon, and saw 1 of its levels.

You collected 31 gold pieces.

Inventory:

Missiles
 a - 41 arrows
Jewellery
 g - an uncursed ring of protection from cold {unknown}
Scrolls
 e - a scroll of teleportation {unknown}
 f - a scroll of enchant weapon {unknown}
Potions
 b - 3 potions of curing {unknown}
Comestibles
 c - a ration
 d - a chunk of flesh


   Skills:
 + Level 1.1 Fighting
 + Level 1.8 Dodging
 + Level 3.1 Unarmed Combat
 + Level 2.0 Spellcasting
 + Level 2.1 Transmutations


You had 3 spell levels left.
You knew the following spells:

 Your Spells              Type           Power        Failure   Level  Hunger
a - Beastly Appendage     Tmut           #.....       11%         1    ##.....

Your spell library contained the following spells:

 Spells                   Type           Power        Failure   Level  Hunger
 Sticks to Snakes         Tmut           #.......     16%         2    ###....
 Spider Form              Tmut/Pois      #.........   45%         3    ####...
 Ice Form                 Ice/Tmut       #.......     86%         4    #####..
 Blade Hands              Tmut           #.........   96%         5    ######.


Dungeon Overview and Level Annotations

Branches:
Dungeon (1/15)

Altars:

Annotations:
D:1 exclusion: 2 jackals


Innate Abilities, Weirdness & Mutations

Your plain brown scales are hard. (AC +4)
You cannot fit into any form of body armour.
You are cold-blooded and may be slowed by cold attacks.


Message History

The bat barely misses you. The jackal closely misses you.
The bat closely misses you. The bat hits you. The bat barely misses you.
The bat completely misses you.
The jackal bites you but does no damage.
The bat hits you. The bat closely misses you.
You hit the bat.
The bat is moderately wounded.
Your horns disappear.
The bat hits you but does no damage. x2; The jackal closely misses you. x2
You barely miss the bat.
The bat is moderately wounded.
The bat hits you but does no damage. The jackal bites you.
* * * LOW HITPOINT WARNING * * *
The jackal bites you but does no damage.
You closely miss the jackal. The jackal barely misses you.
The jackal bites you.
You die...

## #.........###...#
#.....................#
#.........###.........######
##........## ##..............
..........# #........## #..
..........## ##........# #..
#.........###.........# #..
.#..........hh.........####..
............@gb..............
.#.##.##..#######............
.............# ###....#####.
..##.###.....#####.#..# #...
.. ..............##....# #...
...##.###.....##.##....###...
. #.....##.##.....##...
#.######.............
..........##..........


You could see 2 jackals, a goblin and a bat.

Vanquished Creatures
  2 bats (D:1)
  A frilled lizard (D:1)
  A goblin (D:1)
  A kobold (D:1)
  A rat (D:1)
6 creatures vanquished.

Notes
Turn   | Place    | Note
-------+----------+-------------------------------------------
     0 | D:1      | Electrofox the Draconian Transmuter began the quest for the
                  | Orb.
     0 | D:1      | Reached XP level 1. HP: 16/16 MP: 3/3
   277 | D:1      | Slain by a jackal

Levels and vault maps discovered:
D:1:      minmay_arrival_four_circles, layout_basic, minivault_5,
          minmay_heptomino_l4

Action                   || total
-------------------------++-------
Melee: Unarmed           ||    19
       Tailslap          ||     2
 Cast: Beastly Appendage ||     4
Armor: Skin              ||    33
Dodge: Dodged            ||    53

Table legend:
 A = Non-vault XP
 B = Vault XP
 C = Vault XP percentage of total XP
 D = Non-vault monster count
 E = Vault monster count
 F = Vault count percentage of total count
                 A         B        C        D         E       F
            +---------+---------+-------+---------+---------+-------
      Total |       6 |       1 |  14.3 |       5 |       1 |  16.7
            +---------+---------+-------+---------+---------+-------
        D:1 |       6 |       1 |  14.3 |       5 |       1 |  16.7
            +---------+---------+-------+---------+---------+-------
